 Dungeon Crawl Stone Soup version 0.31-a0-150-g89dc3ad700 (webtiles) character file.

Game seed: 464073544564653362

1142 qw the Skirmisher (level 8, -3/50 HPs)
             Began as a Gargoyle Hunter on June 8, 2023.
             Was a Follower of Okawaru.
             Slain by a wight
             ... wielding a +0 battleaxe
              (14 damage)
             ... on level 6 of the Dungeon.
             The game lasted 00:01:53 (5141 turns).

qw the Skirmisher (Gargoyle Hunter)                 Turns: 5141, Time: 00:01:54

Health: -3/50      AC: 16    Str: 16    XL:     8   Next: 37%
Magic:  6/9        EV: 14    Int:  9    God:    Okawaru [*.....]
Gold:   436        SH:  0    Dex: 15    Spells: 7/7 levels left

rFire   . . .        Y - +0 shortbow
rCold   . . .        (shield currently unavailable)
rNeg    + . .        b - +0 ring mail
rPois   inf          (no helmet)
rElec   +            (no cloak)
rCorr   .            (no gloves)
SInv    .            (no boots)
Will    .....        c - amulet of faith
Stlth   +++          d - +4 ring of protection
HPRegen 0.28/turn    (no ring)
MPRegen 0.11/turn

%: faith
@: heroic
A: sickness immunity, AC +5, negative energy resistance 1, electricity
resistance, torment resistance 1, petrification resistance
a: Renounce Religion, Heroism


You were on level 6 of the Dungeon.
You worshipped Okawaru.
Okawaru was aware of your devotion.
You visited 1 branch of the dungeon, and saw 6 of its levels.

You collected 436 gold pieces.


Innate Abilities, Weirdness & Mutations

You are immune to sickness and miasma.
Your stone body is resilient. (AC +5)
You are immune to poison.
You resist negative energy. (rN+)
You are resistant to electric shocks. (rElec)
You are resistant to unholy torment.
You are immune to petrification.


   Skills:
 - Level 5.4(10.4) Fighting
 + Level 8.8(13.8) Ranged Weapons
 - Level 2.5(7.5) Armour
 - Level 2.0(7.0) Dodging
 - Level 1.1(6.1) Stealth
 + Level 1.3 Invocations


You had 7 spell levels left.
You didn't know any spells.
Your spell library was empty.

Inventory:

Hand Weapons
 Y - a +0 shortbow (weapon)
Armour
 b - a +0 ring mail (worn)
Jewellery
 c - an amulet of faith (around neck)
 d - a +4 ring of protection (left hand)
Scrolls
 h - a scroll of identify
Potions
 a - 4 potions of curing
 e - a potion of mutation
 f - a potion of degeneration {unknown}
 g - a potion of heal wounds {unknown}
 i - a potion of enlightenment {unknown}
 j - a potion of might {unknown}
 l - a potion of ambrosia {unknown}
 n - a potion of berserk rage {unknown}

Dungeon Overview and Level Annotations

Branches:
Dungeon (6/15)             Temple (0/1) D:5

Altars:
Okawaru


Message History

The wight barely misses you.
The wight hits you with a +2 long sword.
You shoot an arrow. The arrow barely misses the wight.
You shoot an arrow. The arrow hits the wight.
The wight is moderately damaged.
The wight hits you but does no damage. The wight misses you.
The wight closely misses you.
You shoot an arrow. The arrow closely misses the wight.
The wight misses you. x2; The wight hits you but does no damage.
The wight closely misses you.
You shoot an arrow. The arrow hits the wight!
The wight is severely damaged.
The wight barely misses you. The wight hits you but does no damage.
The wight barely misses you. The wight closely misses you.
You shoot an arrow. The arrow hits the wight.
You destroy the wight!
Okawaru accepts your kill. The wight closely misses you. The wight misses you.
You shoot an arrow. The arrow barely misses the wight.
You shoot an arrow. The arrow barely misses the wight.
The wight closely misses you. The wight hits you but does no damage.
The wight misses you.
You shoot an arrow. The arrow hits the wight.
The wight is lightly damaged.
The wight barely misses you. x2
The wight hits you from afar with a +3 spear of freezing.
The wight freezes you.
You shoot an arrow. The arrow hits the wight!
The wight is severely damaged.
You feel like a meek peon again.
The wight hits you but does no damage. x2; The wight misses you.
You shoot an arrow. The arrow hits the wight!
You destroy the wight!
Okawaru accepts your kill.
You can now gain great but temporary skills.
The wight barely misses you. The wight closely misses you.
5141 ||| INVOKING Heroism.
You gain the combat prowess of a mighty hero.
The wight hits you with a +0 battleaxe!
You die...

#...................
.#.#.#.#.#.#........
.............####
#.#.#.#.#....#
...#.........#
.....)...####.###
.........#......#
##.......#z.....#
#......z)@)..$#
#########))...#
.)...## ......#
.....### #######


You could see 2 wights.

Vanquished Creatures
  2 ice beasts (D:5)
  A sky beast (D:6)
  A phantom (D:3)
  3 scorpions
  3 wights (D:6)
  A hound (D:5)
  A jelly (D:6)
  An iguana (D:5)
  An orc priest (D:6)
  Jessica (D:2)
  A sleepcap (D:4)
  2 orc wizards
  Natasha (thrice) (D:2)
  A gnoll (D:1)
  7 adders
  2 dart slugs
  9 orcs
  8 ball pythons
  3 bats
  13 endoplasms
  A giant cockroach (D:2)
  9 goblins
  6 hobgoblins
  6 jackals
  2 kobolds
  6 quokkas
  6 frilled lizards
  12 rats
112 creatures vanquished.

Notes
Turn   | Place    | Note
-------+----------+-------------------------------------------
     0 | D:1      | qw the Gargoyle Hunter began the quest for the Orb.
     0 | D:1      | Reached XP level 1. HP: 12/12 MP: 1/1
     0 | D:1      | 0 ||| qw: Version: 0.2-a-119-g7aa9181
     0 | D:1      | 0 ||| qw: Game counter: 2912
     0 | D:1      | 0 ||| qw: Always use a shield: true
     0 | D:1      | 0 ||| qw: God list: Okawaru
     0 | D:1      | 0 ||| qw: Allow faded altars: false
     0 | D:1      | 0 ||| qw: Do Orc after D:15 true
     0 | D:1      | 0 ||| qw: Do second Lair branch before Depths: true
     0 | D:1      | 0 ||| qw: Lair rune preference: random
     0 | D:1      | 0 ||| qw: Plans: Normal
     0 | D:1      | 0 ||| PLANNING D:1-11
    74 | D:1      | Reached XP level 2. HP: 11/17 MP: 2/2
    79 | D:1      | 79 ||| FLEEEEING.
   292 | D:1      | Reached XP level 3. HP: 21/21 MP: 3/3
   298 | D:1      | Reached skill level 5 in Ranged Weapons
   746 | D:1      | 746 ||| UPGRADING to +4 ring of protection.
   747 | D:1      | 747 ||| READING scroll labelled VOUXEU KAN LYI.
   748 | D:1      | 748 ||| READING scroll labelled KESEIS LEKHLOM.
   849 | D:1      | 849 ||| DRINKING 2 silvery potions.
   850 | D:1      | 850 ||| DROPPING scroll of butterflies.
   851 | D:1      | 851 ||| DROPPING potion of attraction.
   969 | D:2      | Reached skill level 3 in Fighting
   969 | D:2      | Reached XP level 4. HP: 28/28 MP: 4/4
  1035 | D:2      | Noticed Natasha
  1037 | D:2      | Killed Natasha
  1060 | D:2      | Noticed Natasha
  1077 | D:2      | Killed Natasha
  1078 | D:2      | Reached XP level 5. HP: 14/32 MP: 5/5
  1175 | D:2      | Reached skill level 6 in Ranged Weapons
  1221 | D:2      | Noticed Jessica
  1233 | D:2      | Killed Jessica
  1255 | D:2      | 1255 ||| FLEEEEING.
  1256 | D:2      | 1256 ||| FLEEEEING.
  1372 | D:2      | Noticed Natasha
  1374 | D:2      | 1374 ||| FLEEEEING.
  1377 | D:2      | 1377 ||| FLEEEEING.
  1378 | D:2      | 1378 ||| FLEEEEING.
  1401 | D:2      | Killed Natasha
  1537 | D:2      | 1537 ||| UPGRADING to +0 ring mail.
  1547 | D:2      | 1547 ||| DROPPING +0 leather armour.
  1548 | D:2      | 1548 ||| READING scroll labelled CEJAPLUNAG.
  1549 | D:2      | 1549 ||| READING scroll labelled BOP UXZIESE.
  1550 | D:2      | 1550 ||| DRINKING 3 bubbling silvery potions.
  1586 | D:3      | Found an iron altar of Okawaru.
  1587 | D:3      | 1587 ||| PLANNING OKAWARU WORSHIP
  1594 | D:3      | Became a worshipper of Warmaster Okawaru
  1594 | D:3      | 1594 ||| PLANNING D:1-11
  1792 | D:3      | Noticed a phantom
  1816 | D:3      | Killed a phantom
  1817 | D:3      | Reached XP level 6. HP: 24/38 MP: 6/6
  2254 | D:3      | Found a faded altar of an unknown god.
  2462 | D:3      | 2462 ||| UPGRADING to amulet of faith.
  2467 | D:3      | 2467 ||| DRINKING 2 fuming clear potions.
  2468 | D:3      | 2468 ||| DROPPING potion of brilliance.
  3033 | D:4      | Reached XP level 7. HP: 43/43 MP: 7/7
  3416 | D:4      | 3416 ||| DROPPING ring of magical power.
  3417 | D:4      | 3417 ||| READING scroll labelled HIADEG FIEGOWK.
  3418 | D:4      | 3418 ||| READING scroll labelled BOLUECRI LOYRA.
  3421 | D:5      | Entered Level 5 of the Dungeon
  3430 | D:5      | Reached skill level 7 in Ranged Weapons
  3437 | D:5      | 3437 ||| STAIRDANCE
  3521 | D:5      | Reached * piety under Okawaru
  4362 | D:5      | Found a staircase to the Ecumenical Temple.
  4790 | D:5      | 4790 ||| READING scroll labelled VOGOPPESIU.
  4791 | D:5      | 4791 ||| DRINKING 2 inky potions.
  4820 | D:5      | 4820 ||| READING 2 scrolls of identify.
  4820 | D:5      | 4820 ||| IDENTIFYING sedimented sapphire potion
  4821 | D:5      | 4821 ||| DROPPING potion of lignification.
  4854 | D:6      | 4854 ||| STAIRDANCE
  4856 | D:5      | 4856 ||| INVOKING Heroism.
  4867 | D:5      | Reached skill level 8 in Ranged Weapons
  4868 | D:5      | 4868 ||| INVOKING Heroism.
  4869 | D:5      | 4869 ||| INVOKING Heroism.
  4871 | D:5      | HP: 10/43 [hound (2)]
  5007 | D:6      | Reached XP level 8. HP: 50/50 MP: 8/8
  5033 | D:6      | 5033 ||| INVOKING Heroism.
  5038 | D:6      | Reached skill level 1 in Invocations
  5068 | D:6      | 5068 ||| INVOKING Heroism.
  5124 | D:6      | 5124 ||| INVOKING Heroism.
  5130 | D:6      | HP: 12/50 [wight/+2 long sword (2)]
  5138 | D:6      | HP: 11/50 [wight/+3 spear of freezing (2)]
  5141 | D:6      | 5141 ||| INVOKING Heroism.
  5141 | D:6      | Slain by a wight

Levels and vault maps discovered:
D:1:      dpeg_arrival_fog, layout_basic
D:2:      layout_rooms, uniq_natasha, uniq_jessica
D:3:      layout_loops_ring, marbit_many_paths,
          dilly_ecumenical_altar_fadedgnrine, serial_co_window_serial,
          co_window_cross_1, co_window_of_opportunity_a, co_window_corner_a,
          co_window_corner_a, co_window_paths_a, co_window_paths_a,
          co_window_paths_a, co_window_cross_1, co_window_of_opportunity_a,
          co_window_corner_b, co_window_broadway_c, co_window_corner_cb,
          glass_columns_b, glass_columns_a, glass_columns_b, minivault_26
D:4:      layout_basic
D:5:      layout_layer_cave, minmay_temple_entry_nine_rooms, serial_glass,
          glass_columns_b, glass_columns_a
D:6:      layout_basic, mainiacjoe_overflow_catch_the_wave, tgw_kikubaaqudgha,
          pdpol_wu_jian_five_deadly_venoms, st_stairs_10, moated_statue,
          nicolae_underground_beach

Skill      XL: |  1  2  3  4  5  6  7  8 |
---------------+-------------------------+-----
Ranged Weapons | 5 6 8 |  8.8
Fighting       | 3 4 5 |  5.4
Armour         | 2 |  2.5
Invocations    | 1 |  1.3
Dodging        | 2 |  2.0
Stealth        | |  1.1

Action                     |  1- 3 |  4- 6 |  7- 9 || total
---------------------------+-------+-------+-------++-------
   Fire: Shortbow          |    97 |   215 |   153 ||   465
 Invoke: Heroism           |       |       |     6 ||     6
    Use: Scroll            |     2 |     2 |     4 ||     8
         Potion            |     1 |     2 |     1 ||     4
 Armour: Leather armour    |    14 |    36 |       ||    50
         Ring mail         |       |    26 |    83 ||   109
  Dodge: Dodged            |    28 |    65 |    92 ||   185

Table legend:
 A = Non-vault XP
 B = Vault XP
 C = Vault XP percentage of total XP
 D = Non-vault monster count
 E = Vault monster count
 F = Vault count percentage of total count
                 A         B        C        D         E       F
            +---------+---------+-------+---------+---------+-------
      Total |    1227 |     405 |  24.8 |     105 |       7 |   6.2
            +---------+---------+-------+---------+---------+-------
        D:1 |      69 |       0 |   0.0 |      30 |       0 |   0.0
        D:2 |     167 |      70 |  29.5 |      31 |       2 |   6.1
        D:3 |     122 |       2 |   1.6 |      15 |       1 |   6.2
        D:4 |     227 |       0 |   0.0 |       8 |       0 |   0.0
        D:5 |     292 |     206 |  41.4 |      12 |       3 |  20.0
        D:6 |     350 |     127 |  26.6 |       9 |       1 |  10.0
            +---------+---------+-------+---------+---------+-------
